 Dungeon Crawl Stone Soup version 0.27.0-1-g7a089689b8 (webtiles) character file.

Game seed: 10558958632491026926

42 horus123 the Chiller (level 3, -2/19 HPs)
             Began as a Deep Elf Ice Elementalist on Aug 13, 2021.
             Slain by a goblin (3 damage)
             ... on level 2 of the Dungeon.
             The game lasted 00:03:32 (1524 turns).

horus123 the Chiller (Deep Elf Ice Elementalist)    Turns: 1524, Time: 00:03:32

Health: -2/19      AC:  9    Str:  5    XL:     3   Next: 33%
Magic:  1/10       EV: 12    Int: 20    God:
Gold:   49         SH:  0    Dex: 15    Spells: 3/10 levels left

rFire    . . .     SeeInvis .   e - +2 dagger
rCold    . . .     Faith    .   (no shield)
rNeg     . . .     Spirit   .   a - +1 robe
rPois    .         Reflect  .   (no helmet)
rElec    .         Harm     .   (no cloak)
rCorr    .         Rampage  .   (no gloves)
Will     .....                  (no boots)
Stlth    +.........             (no amulet)
HPRegen  0.06/turn              (no ring)
MPRegen  0.12/turn              (no ring)

@: confused, ice-armoured
A: no striking features
a: no special abilities


You were on level 2 of the Dungeon.
You visited 1 branch of the dungeon, and saw 2 of its levels.

You collected 49 gold pieces.

Inventory:

Hand Weapons
 e - a +2 dagger (weapon)
Armour
 a - a +1 robe (worn)
Potions
 c - a potion of magic {unknown}
 g - a potion of invisibility {unknown}


   Skills:
 + Level 2.4 Dodging
 + Level 2.5 Stealth
 * Level 4.0 Spellcasting
 * Level 5.2 Ice Magic


You had 3 spell levels left.
You knew the following spells:

 Your Spells              Type           Power      Damage    Failure   Level
a - Freeze                Ice            96%        1d11      1%          1
b - Frozen Ramparts       Ice            48%        1d6       4%          3
c - Ozocubu's Armour      Ice            24%        N/A       4%          3

Your spell library contained the following spells:

 Spells                   Type           Power      Damage    Failure   Level
 Animate Skeleton         Necr           8%         N/A       13%         1
 Apportation              Tloc           8%         N/A       13%         1
 Corona                   Hex            4%         N/A       13%         1
 Summon Small Mammal      Summ           16%        N/A       13%         1
 Hailstorm                Conj/Ice       14%        3d5       41%         4


Dungeon Overview and Level Annotations

Branches:
Dungeon (2/15)

Altars:

Annotations:
D:2 Sigmund


Message History

You freeze the jackal.
You kill the jackal!
You freeze the ball python!
You kill the ball python!
Something hits you.
Your Spellcasting skill increases to level 4!
Unknown command.
Something hits you.
You hear some strange, mumbled words.
Something tries to affect you, but you resist.
You hear some strange, mumbled words.
A puff of flame appears from out of thin air!
The puff of flame misses you.
There are no items here.
Unknown command.
Hit: e) +2 dagger
Press: ? - help, Dir - move target, f - goblin
Aim: a goblin, wielding a +0 club (about 41% to evade your +2 dagger)
Your weapon can't reach that far!
Okay, then.
Unknown command.
You hear some strange, mumbled words.
You are confused.
The frozen ramparts melt away.
Something completely misses you. The goblin barely misses you.
Your icy armour will break if you move.
Continue?
Okay, then.
There are no items here.
There are no items here.
The hobgoblin barely misses you. Something hits you.
The goblin hits you but does no damage.
The hobgoblin hits you but does no damage.
Something hits you.
* * * LOW HITPOINT WARNING * * *
The goblin hits you with a +0 club.
* * * LOW HITPOINT WARNING * * *
The hobgoblin barely misses you. Something hits you.
* * * LOW HITPOINT WARNING * * *
The goblin hits you with a +0 club.
You die...

...#.........# ..
....##.......# #.#
..#.##.......#
#..#
..#..........#
#..# .
>.####.......##..#
#.# ..#
#####..##..# ....
..#
####.##.####.....
..#
#........?.......
..##
##.#######@g......
...# #.†#
##g....>.
##.####.## .{.....
##......## ..
.......
.....##..##...#
.#.....
##..###.....#
.#.....
##.....#.### .#
.... ##....###.#
.# #..# ...##.# ..
.# #


You could see a hobgoblin and a goblin.

Vanquished Creatures
  2 dart slugs
  2 ball pythons
  6 bats
  3 endoplasms (D:1)
  A giant cockroach (D:1)
  2 goblins (D:1)
  4 hobgoblins
  4 jackals (D:2)
  3 kobolds
  A quokka (D:1)
  2 frilled lizards (D:1)
  3 rats
33 creatures vanquished.

Notes
Turn   | Place    | Note
-------+----------+-------------------------------------------
     0 | D:1      | horus123 the Deep Elf Ice Elementalist began the quest for
                  | the Orb.
     0 | D:1      | Reached XP level 1. HP: 10/10 MP: 6/6
   324 | D:1      | Reached XP level 2. HP: 15/15 MP: 6/8
   636 | D:1      | Reached skill level 5 in Ice Magic
  1231 | D:2      | Reached XP level 3. HP: 18/19 MP: 8/10
  1235 | D:2      | Learned a level 3 spell: Frozen Ramparts
  1239 | D:2      | Learned a level 3 spell: Ozocubu's Armour
  1510 | D:2      | Noticed Sigmund
  1524 | D:2      | Slain by a goblin

Illustrated notes

Levels and vault maps discovered:
D:1:      co_arrival_hexagon_in_a_hexagon, layout_loops_corners
D:2:      layout_rooms, hellmonk_ecumenical_altar_crossroads, uniq_sigmund

Skill      XL: |  1  2  3 |
---------------+----------+-----
Ice Magic      | 5 |  5.2
Spellcasting   | 4 |  4.0
Dodging        | |  2.4
Stealth        | |  2.5

Action                   || total
-------------------------++-------
Melee: Dagger            ||     1
       Unarmed           ||     1
 Cast: Freeze            ||    34
       Frozen Ramparts   ||     2
       Ozocubu's Armour  ||     1
  Use: Scroll            ||     6
Armor: Robe              ||     9
Dodge: Dodged            ||    23
